Map: Ulrena

Players

zidar

  • Race: Zerg Zerg
  • League: Silver
  • Spawn Location: 11:00

Moutz - Winner!

  • Race: Protoss Protoss
  • League: Gold
  • Spawn Location: 7:00

VOD

Have the link to the VOD?

Description

Time

  • Played on: Jan. 3, 2016, 1:56 p.m.
  • Length: 8:52
Show
View Real Time Build Order
Export as new Build Order

zidar Zerg 

Build Orders: Hatch First 

Get SALT Encoding   

  12  0:02  Drone  
  13  0:13  Overlord  
  13  0:17  Drone  
  14  0:32  Drone x2  
  16  0:35  Drone  
  17  0:58  Hatchery  
  17  0:59  Drone  
  17  1:24  Spawning Pool  
  16  1:27  Extractor  
  18  1:32  Drone x3  
  17  2:11  Zergling x8  
  21  2:15  Queen  
  21  2:17  Queen  
  24  2:53  Hatchery  
  23  3:01  Metabolic Boost  
  23  3:07  Roach Warren  
  23  3:08  Extractor  
  21  3:18  Drone x3  
  24  3:23  Drone  
  25  3:47  Drone x3  
  28  3:51  Overlord  
  28  4:08  Overlord x2  
  28  4:18  Queen  
  28  4:21  Overlord  
  30  4:26  Drone x2  
  30  4:29  Drone  
  33  4:32  Drone  
  33  4:56  Drone x7  
  33  4:57  Drone  
  41  5:04  Drone x2  
  41  5:05  Drone  
  44  5:15  Extractor  
  44  5:16  Lair  
  43  5:26  Extractor  
  42  5:38  Roach x8  
  46  5:59  Roach  
  46  6:00  Roach x4  
  38  6:28  Roach x7  
  38  6:29  Zergling x2  
  33  7:19  Roach  
  35  7:26  Overlord  
  32  8:09  Ravager x2  
  32  8:10  Ravager  
  32  8:11  Ravager  
  36  8:14  Roach x2  
Show
View Real Time Build Order
Export as new Build Order

Moutz Protoss - Winner!

Build Orders:  

Get SALT Encoding   

  12  0:02  Probe (Chrono Boost)  
  13  0:13  Probe (Chrono Boost)  
  14  0:22  Pylon  
  14  0:24  Probe (Chrono Boost)  
  15  0:40  Gateway, Probe (Chrono Boost)  
  16  0:51  Probe (Chrono Boost)  
  16  0:56  Assimilator  
  17  1:02  Probe (Chrono Boost)  
  18  1:12  Probe (Chrono Boost)  
  19  1:28  Zealot (Chrono Boost)  
  19  1:29  Forge  
  19  1:30  Pylon  
  21  1:34  Probe (Chrono Boost)  
  22  1:45  Probe (Chrono Boost)  
  23  1:51  Cybernetics Core  
  23  1:54  Pylon  
  22  2:09  Zealot (Chrono Boost)  
  22  2:14  Probe (Chrono Boost)  
  25  2:17  Assimilator  
  25  2:25  Probe (Chrono Boost)  
  26  2:32  Photon Cannon  
  24  2:49  Zealot (Chrono Boost)  
  24  2:50  Mothership Core  
  28  2:56  Warp Gate (Chrono Boost)  
  28  2:59  Photon Cannon  
  28  3:07  Protoss Ground Weapons Level 1  
  28  3:10  Gateway  
  28  3:16  Stalker  
  30  3:32  Pylon  
  30  3:48  Nexus  
  30  4:02  Gateway  
  30  4:15  Probe (Chrono Boost)  
  30  4:16  Stargate  
  31  4:25  Probe (Chrono Boost)  
  31  4:27  Pylon  
  32  4:41  Assimilator  
  32  4:45  Probe (Chrono Boost)  
  33  4:53  Zealot  
  33  4:55  Sentry  
  33  4:56  Sentry, Probe (Chrono Boost)  
  40  5:02  Oracle (Chrono Boost)  
  43  5:14  Zealot  
  43  5:18  Sentry  
  43  5:21  Zealot  
  49  5:32  Photon Cannon  
  49  5:34  Probe  
  50  5:46  Probe  
  41  6:27  Stalker  
  41  6:28  Stalker x2  
  47  6:57  Stalker x2  
  47  6:58  Stalker  
  47  7:00  Void Ray (Chrono Boost)  
  53  7:11  Probe  
  53  7:13  Probe, Gateway  
  53  7:15  Gateway, Pylon  
  53  7:16  Gateway, Pylon  
  49  7:25  Probe  
  50  7:32  Stalker  
  52  7:38  Phoenix (Chrono Boost)  
  54  8:02  Void Ray, Pylon  
  56  8:33  Stalker x4  
  61  8:48  Stalker x2  
Tags
 
Matchup
PvZ
Spawn Locations
Close Positions
Add a new tag
Caveats
  • Supply blocks, unpowered buildings, or Contaminate may cause inaccurate times.
  • Supply counts are checked every 10 seconds.